 Dungeon Sprint DCSS version 0.27-a0-633-gc6addc0a40 (webtiles) character file.

Game seed: 2968488848868685536

6 mhtbhm the Cudgeller (level 2, 0/37 HPs)
             Began as a Human Berserker on Mar 13, 2021.
             Was a Priest of Trog.
             Succumbed to a worker ant's poison
             ... in the Dungeon (Sprint IX: "|||||||||||||||||||||||||||||").
             The game lasted 00:00:08 (94 turns).

mhtbhm the Cudgeller (Human Berserker)                Turns: 94, Time: 00:00:09

Health: 0/37       AC:  2    Str: 17    XL:     2   Next: 0%
Magic:  2/2        EV: 12    Int:  7    God:    Trog [***...]
Gold:   0          SH:  0    Dex: 12    Spells: 1/1 levels left

rFire    . . .     SeeInvis .   a - +0 mace
rCold    . . .     Faith    .   (no shield)
rNeg     . . .     Spirit   .   b - +0 animal skin
rPois    .         Reflect  .   (no helmet)
rElec    .         Harm     .   (no cloak)
rCorr    .         Rampage  .   (no gloves)
Will     .....     NoTele   +   (no boots)
Stlth    ..........             (no amulet)
HPRegen  0.12/turn              (no ring)
MPRegen  0.08/turn              (no ring)

@: berserking (expiring), lethally poisoned (0 -> -11), very quick
A: no striking features
a: Renounce Religion, Berserk, Trog's Hand


You were in the Dungeon.
You worshipped Trog.
Trog was most pleased with you.
You visited 1 branch

Inventory:

Hand Weapons
 a - a +0 mace (weapon)
Armour
 b - a +0 animal skin (worn)
Scrolls
 h - a scroll of blinking
Potions
 c - a potion of curing
 d - a potion of heal wounds
 e - a potion of haste
 f - 2 potions of magic
 g - a potion of berserk rage


   Skills:
 + Level 3.7 Fighting
 + Level 3.7 Maces & Flails
 + Level 2.2 Armour
 + Level 2.3 Dodging


You had one spell level left.
You didn't know any spells.
Your spell library was empty.

Dungeon Overview and Level Annotations

Branches:
Dungeon (1/1)

Altars:


Message History

You have reached level 2!
You barely miss the worker ant. The worker ant misses you.
Unknown command.
You hit the worker ant.
The worker ant is lightly wounded.
The worker ant barely misses you.
Unknown command.
You sock the worker ant!
The worker ant is heavily wounded.
The worker ant bites you.
You are poisoned.
The worker ant poisons you!
Unknown command.
You sock the worker ant!
The worker ant is almost dead.
You feel sick. The worker ant misses you.
Unknown command.
You closely miss the worker ant.
The worker ant is almost dead.
The worker ant bites you.
Unknown command.
You closely miss the worker ant.
The worker ant is almost dead.
The worker ant misses you.
You barely miss the worker ant.
The worker ant is almost dead.
You feel sick. The worker ant bites you.
* * * LOW HITPOINT WARNING * * *
You barely miss the worker ant.
The worker ant is almost dead.
The worker ant bites you!
* * * LOW HITPOINT WARNING * * *
You are more poisoned.
The worker ant poisons you!
Unknown command.
Unknown command.
You hit the worker ant.
You kill the worker ant!
Trog accepts your kill.
You die...

▓.▓
▓.▓
▓.▓
▓)▓
▓.▓
▓.▓
▓.▓
▓.▓
▓@▓
▓)▓
▓5▓
▓o▓
▓s▓
▓.▓
▓.▓
▓+▓


You could see a scorpion, a shadow imp and an orc.

Vanquished Creatures
  A worker ant (D)
  An orc (D)
  A hobgoblin (D)
  2 bats (D)
  A kobold (D)
  A rat (D)
7 creatures vanquished.

Notes
Turn   | Place    | Note
-------+----------+-------------------------------------------
     0 | D        | mhtbhm the Human Berserker began the quest for the Orb.
     0 | D        | Reached XP level 1. HP: 18/18 MP: 1/1
    18 | D        | Reached ** piety under Trog
    82 | D        | Noticed a worker ant
    82 | D        | Noticed a scorpion
    86 | D        | Reached XP level 2. HP: 21/25 MP: 2/2
    93 | D        | HP: 1/37 [worker ant (7)]
    94 | D        | Reached *** piety under Trog
    94 | D        | Succumbed to a worker ant's poison

Illustrated notes

Levels and vault maps discovered:
D:        linesprint [early_d, line_temple, items_1, d_10, items_2, lair_1,
          lair_end, items_3, orc_1, orc_end, items_4, d_15, swamp_1, shoals_1,
          snake_1, spider_1, d_20, vaults_1, items_5, swamp_end, shoals_end,
          snake_end, spider_end, vaults_end, d_27, items_6, zot_1, zot_end,
          crypt_end, forest_end, elf_end, slime_end, tomb_end, abyss_end,
          pan_hell_end]

Action                   || total
-------------------------++-------
Melee: Mace              ||    31
Invok: Berserk           ||     1
Armor: Animal skin       ||     5
Dodge: Dodged            ||    30

Table legend: (Time is in decaauts)
 A = Elapsed time spent in this place.
 B = Non-inter-level travel time spent in this place.
 C = Inter-level travel time spent in this place.
 D = Time resting spent in this place.
 E = Time spent auto-exploring this place.
 F = Levels seen in this place.
 G = Mean time per level.
                   A        B        C        D        E       F      G
               +--------+--------+--------+--------+--------+-----+--------+
         Total |     97 |     97 |      0 |     52 |      0 |   1 |   97.0 |
       Dungeon |     97 |     97 |      0 |     52 |      0 |   1 |   97.0 |
               +--------+--------+--------+--------+--------+-----+--------+

Top non-repeatable levels by time:
       D: 97 daAuts
